 Dungeon Crawl Stone Soup version 0.25.0-26-g0c896c7088 (webtiles) character file.

Game seed: 18180271489120695746

100 protoss039 the Covered (level 4, -8/41 HPs)
             Began as a Minotaur Fighter on July 3, 2020.
             Mangled by an ogre
             ... wielding a +0 giant club
              (24 damage)
             ... on level 4 of the Dungeon.
             The game lasted 00:02:58 (2438 turns).

protoss039 the Covered (Minotaur Fighter)           Turns: 2438, Time: 00:02:58

Health: -8/41      AC:  8    Str: 21    XL:     4   Next: 46%
Magic:  3/3        EV:  7    Int:  5    God:
Gold:   205        SH:  9    Dex: 10    Spells: 3/3 levels left

rFire    . . .     SeeInvis .   a - +0 war axe
rCold    . . .     Gourm    .   c - +0 kite shield
rNeg     . . .     Faith    .   b - +0 scale mail
rPois    .         Spirit   .   (helmet restricted)
rElec    .         Reflect  .   v - +0 cloak
rCorr    .         Harm     .   (no gloves)
MR       .....                  (no boots)
Stlth    ..........             (no amulet)
HPRegen  0.13/turn              (no ring)
MPRegen  0.08/turn              (no ring)

@: no status effects
A: retaliatory headbutt, horns 2
a: no special abilities


You were on level 4 of the Dungeon.
You were not hungry.

You visited 1 branch of the dungeon, and saw 4 of its levels.

You collected 205 gold pieces.

Inventory:

Hand Weapons
 a - a +0 war axe (weapon)
Armour
 b - a +0 scale mail (worn)
 c - a +0 kite shield (worn)
 v - a +0 cloak (worn)
Jewellery
 n - an uncursed ring of resist corrosion {unknown}
Wands
 t - a wand of flame (16)
Scrolls
 e - 2 scrolls of immolation {unknown}
 h - a scroll of enchant armour {unknown}
 j - 2 scrolls of fog {unknown}
 q - 2 scrolls of teleportation {unknown}
 s - a scroll of amnesia {unknown}
 u - a scroll of remove curse {unknown}
Potions
 d - a potion of might
 g - 3 potions of haste {unknown}
 i - 2 potions of mutation {unknown}
 k - 2 potions of invisibility {unknown}
 l - a potion of berserk rage {unknown}
 m - a potion of cancellation {unknown}
 o - 2 potions of curing {unknown}
 p - a potion of resistance {unknown}
 r - 2 potions of lignification {unknown}
Comestibles
 f - 11 rations
 w - 4 chunks of flesh


   Skills:
 + Level 4.4 Fighting
 + Level 3.6 Axes
 + Level 4.5 Armour
 + Level 4.4 Shields


You had 3 spell levels left.
You didn't know any spells.
Your spell library contained the following spells:

 Spells                   Type           Power        Failure   Level  Hunger
 Beastly Appendage        Tmut           #.....       99%         1    ##.....
 Sticks to Snakes         Tmut           #.......     100%        2    ###....
 Spider Form              Tmut/Pois      #.........   100%        3    ####...
 Ice Form                 Ice/Tmut       #.......     100%        4    #####..
 Blade Hands              Tmut           #.........   100%        5    ######.


Dungeon Overview and Level Annotations

Branches:
Dungeon (4/15)
 Temple: D:4-7

Altars:


Innate Abilities, Weirdness & Mutations

You reflexively headbutt those who attack you in melee.
You have a pair of horns on your head.


Message History

An ogre is nearby!
An ogre is nearby!
The ogre hits you with a +0 giant club!
An ogre is nearby!
You hit the ogre but do no damage. The ogre closely misses you.
You furiously retaliate!
You headbutt the ogre.
Unknown command.
You slash the ogre!
The ogre is heavily wounded.
The ogre hits you with a +0 giant club!
Unknown command.
You are too injured to fight recklessly!
Unknown command.
You are too injured to fight recklessly!
Unknown command.
Unknown command.
Unknown command.
The ogre hits you with a +0 giant club!!
Ouch! That really hurt!
You die...

################.#.#....##.## #.#
..#............#.#.#....##..# #.#
#.#.#..........#.#.#....###.###.#
.................[.'....'.(......
#.#..............#.#....###.(#.##
#.###.############.#.............
#.# #.# #).)....#########.#.##
#.###.######)#####...............
#.#..........#..@O.............##
#'#.#.######.#.###.#########.....
....#.#......# #........<..##....
....#.#.####.# #...#..#..#.##....
....#.#.# #.# #####..#..# ##....
....#.#.# #.#........#..# #....
....#.#.# #.#..#####.##.#.......
....#...# #.# #....#.......
...###### #.# ######....>..


You could see an ogre.

Vanquished Creatures
  Terence (D:2)
  2 adders
  A worm (D:2)
  A dart slug (D:2)
  2 leopard geckos
  5 orcs (D:4)
  5 bats
  5 giant cockroaches
  2 goblins (D:1)
  3 hobgoblins
  4 kobolds
  2 quokkas
  A ball python (D:1)
  8 frilled lizards
  5 rats
47 creatures vanquished.

Notes
Turn   | Place    | Note
-------+----------+-------------------------------------------
     0 | D:1      | protoss039 the Minotaur Fighter began the quest for the
                  | Orb.
     0 | D:1      | Reached XP level 1. HP: 19/19 MP: 0/0
   174 | D:1      | Reached XP level 2. HP: 27/27 MP: 1/1
   881 | D:2      | Noticed Terence
   890 | D:2      | Killed Terence
   890 | D:2      | Reached XP level 3. HP: 29/33 MP: 2/2
  1460 | D:3      | Reached XP level 4. HP: 41/41 MP: 3/3
  2418 | D:4      | Noticed an ogre
  2438 | D:4      | Mangled by an ogre

Illustrated notes

Levels and vault maps discovered:
D:1:      tarquinn_simple_flora_water_e, layout_loops_cross
D:2:      layout_loops_corners, uniq_terence
D:3:      layout_loops_ring, minivault_19, minmay_lizard_king
D:4:      layout_basic, minmay_temple_entry_drinking_statues, first_ration,
          minmay_misc_feat_doors, kennysheep_generic_room_14

Skill      XL: |  1  2 |
---------------+-------+-----
Shields        | 4 |  4.4
Fighting       | 4 |  4.4
Armour         | 4 |  4.5
Axes           | 3 |  3.6

Action                   |  1- 3 |  4- 6 || total
-------------------------+-------+-------++-------
Melee: War axe           |    71 |    34 ||   105
       Headbutt          |     8 |     6 ||    14
  Eat: Chunk             |     2 |     3 ||     5
Armor: Scale mail        |    28 |    11 ||    39
Dodge: Dodged            |    19 |    11 ||    30
Block: Kite shield       |    33 |    13 ||    46
